 Dungeon Crawl Stone Soup version 0.24-a0-584-g9d6b971 (webtiles) character file.

Game seed: 18440311551526066838, levelgen mode: deterministic

94 DocClef the Skirmisher (level 4, 0/39 HPs)
             Began as a Demonspawn Fighter on Sept 3, 2019.
             Was an Initiate of Okawaru.
             Killed by nerve-wracking pain
             ... invoked by Grinder
              (12 damage)
             ... on level 3 of the Dungeon.
             The game lasted 00:02:35 (1776 turns).

DocClef the Skirmisher (Demonspawn Fighter)         Turns: 1776, Time: 00:02:36

Health: 0/39       AC: 10    Str: 17    XL:     4   Next: 38%
Magic:  4/4        EV: 21    Int:  9    God:    Okawaru [......]
Gold:   124        SH:  8    Dex: 13    Spells: 3/3 levels left

rFire    . . .     SeeInvis .   a - +0 flail
rCold    . . .     Gourm    .   c - +0 shield
rNeg     . . .     Faith    .   b - +0 scale mail
rPois    .         Spirit   .   (no helmet)
rElec    .         Reflect  .   q - +0 cloak
rCorr    .         Harm     .   e - +2 pair of gloves
MR       .....                  (no boots)
Stlth    +.........             u - amulet of the acrobat
HPRegen  0.13/turn              (no ring)
MPRegen  0.09/turn              (no ring)

@: acrobat
A: talons 2, nightstalker 1
a: Renounce Religion


You were on level 3 of the Dungeon.
You worshipped Okawaru.
Okawaru was noncommittal.
You were not hungry.

You visited 1 branch of the dungeon, and saw 3 of its levels.

You collected 124 gold pieces.

Inventory:

Hand Weapons
 a - a +0 flail (weapon)
Armour
 b - a +0 scale mail (worn)
 c - a +0 shield (worn)
 e - a +2 pair of gloves (worn)
 q - a +0 cloak (worn)
Jewellery
 u - an amulet of the acrobat (around neck)
Scrolls
 i - a scroll of identify
 k - 2 scrolls of remove curse
 m - a scroll of immolation {unknown}
 r - a scroll of fear {unknown}
 t - a scroll of enchant weapon {unknown}
Potions
 d - a potion of might
 g - a potion of mutation {unknown}
 h - 2 potions of berserk rage
 j - a potion of curing {unknown}
 l - a potion of magic {unknown}
 n - a potion of heal wounds {unknown}
 o - a potion of ambrosia {unknown}
 s - 2 potions of haste {unknown}
Comestibles
 f - 2 rations


   Skills:
 + Level 5.2 Fighting
 - Level 1.7 Maces & Flails
 - Level 2.6 Armour
 - Level 2.6 Shields


You had 3 spell levels left.
You didn't know any spells.
Your spell library was empty.

Dungeon Overview and Level Annotations

Branches:
Dungeon (3/15)

Altars:
Kikubaaqudgha
Makhleb
Okawaru
Ru
Vehumet
Xom

Annotations:
D:3 Grinder


Innate Abilities, Weirdness & Mutations

You have razor-sharp toenails.
You are slightly more attuned to the shadows.


Message History

You see here a glowing ruby potion.
You block Grinder's attack.
You closely miss Grinder. Your kick misses Grinder.
Grinder is severely wounded.
Grinder hits you but does no damage. x2
You hit Grinder but do no damage. You claw Grinder, but do no damage.
Grinder is severely wounded.
Grinder blinks!
s - 2 glowing ruby potions (gained 1)
Things that are here:
a worm corpse; a jackal corpse x2
Things that are here:
a jackal corpse x2
There is a stone staircase leading down here.
You start resting.
Grinder is too close now for your liking.
Grinder says, "FISH!"
Grinder gestures at you. Pain shoots through your body!
You die...

*######## *.....#,,,,***,
*)......#### *......,**,,,,,
***#.......########....###*,,****
#######.##...............##.**
..........##.###........$..,*
.......##....# ##.5......#***
......[##.#### #..##.....#
...........## #.###.5...#
.......###..####@####....#
.......# ##.##.....††.##.#
..(....# #....########*,*
.####### #...## *****,*** ##
#...# *,,,,,,,** ***#.#.#
*,,,,,,,,* *,...#.# *,,,,,,,,*
**,##.#.#*****,,,,,,,,** ####
*,,,.....,,<,,,,,,,,,,,**


You could see Grinder.

Vanquished Creatures
  An adder (D:2)
  An ooze (D:1)
  2 worms
  2 dart slugs (D:1)
  A leopard gecko (D:3)
  4 giant cockroaches
  12 goblins
  6 hobgoblins
  11 jackals (D:3)
  2 ball pythons (D:1)
  6 bats
  4 frilled lizards
  6 kobolds
  11 rats
69 creatures vanquished.

Notes
Turn   | Place    | Note
-------+----------+-------------------------------------------
     0 | D:1      | DocClef the Demonspawn Fighter began the quest for the Orb.
     0 | D:1      | Reached XP level 1. HP: 18/18 MP: 1/1
    47 | D:1      | Gained mutation: You have sharp toenails. [demonic
                  | ancestry]
    47 | D:1      | Reached XP level 2. HP: 11/24 MP: 2/2
   282 | D:1      | Reached skill level 4 in Fighting
   329 | D:1      | Gained mutation: You are slightly more attuned to the
                  | shadows. [demonic ancestry]
   329 | D:1      | Reached XP level 3. HP: 25/30 MP: 3/3
  1068 | D:2      | Found an ancient bone altar of Kikubaaqudgha.
  1069 | D:2      | Found a radiant altar of Vehumet.
  1071 | D:2      | Found a sacrificial altar of Ru.
  1071 | D:2      | Found an iron altar of Okawaru.
  1076 | D:2      | Found a burning altar of Makhleb.
  1078 | D:2      | Found a shimmering altar of Xom.
  1087 | D:2      | Became a worshipper of Warmaster Okawaru
  1591 | D:3      | Gained mutation: You have razor-sharp toenails. [demonic
                  | ancestry]
  1591 | D:3      | Reached XP level 4. HP: 35/38 MP: 4/4
  1595 | D:3      | Reached skill level 5 in Fighting
  1736 | D:3      | Noticed Grinder
  1751 | D:3      | Paralysed by Grinder for 3 turns
  1776 | D:3      | Killed from afar by Grinder

Levels and vault maps discovered:
D:1:      saegor_arrival_simple_b, layout_rooms
D:2:      layout_basic, grunt_temple_overflow_open, minmay_misc_feat_room
D:3:      layout_rooms, uniq_grinder

Skill      XL: |  1  2  3  4 |
---------------+-------------+-----
Fighting       | 4 5 |  5.2
Maces & Flails | |  1.7
Armour         | |  2.6
Shields        | |  2.6

Action                   |  1- 3 |  4- 6 || total
-------------------------+-------+-------++-------
Melee: Flail             |   169 |    47 ||   216
       Kick              |    31 |    12 ||    43
  Use: Scroll            |     5 |     4 ||     9
  Eat: Chunk             |     3 |       ||     3
Armor: Scale mail        |    86 |    32 ||   118
Dodge: Dodged            |    48 |     7 ||    55
Block: Shield            |    78 |    22 ||   100

Table legend:
 A = Non-vault XP
 B = Vault XP
 C = Vault XP percentage of total XP
 D = Non-vault monster count
 E = Vault monster count
 F = Vault count percentage of total count
                 A         B        C        D         E       F
            +---------+---------+-------+---------+---------+-------
      Total |     135 |       0 |   0.0 |      69 |       0 |   0.0
            +---------+---------+-------+---------+---------+-------
        D:1 |      55 |       0 |   0.0 |      32 |       0 |   0.0
        D:2 |      37 |       0 |   0.0 |      16 |       0 |   0.0
        D:3 |      43 |       0 |   0.0 |      21 |       0 |   0.0
            +---------+---------+-------+---------+---------+-------
